 Dungeon Crawl Stone Soup version 0.29.1-13-g9f3cf754e1 (webtiles) character file.

Game seed: 7617455413407989069

76 theswoord the Chopper (level 4, -2/33 HPs)
             Began as a Demonspawn Gladiator on Jan 24, 2023.
             Was a Believer of Dithmenos.
             Killed from afar by an orc wizard (3 damage)
             ... with a puff of flame
             ... on level 3 of the Dungeon.
             The game lasted 00:08:54 (2445 turns).

theswoord the Chopper (Demonspawn Gladiator)        Turns: 2445, Time: 00:08:54

Health: -2/33      AC:  3    Str: 17    XL:     4   Next: 12%
Magic:  4/4        EV: 12    Int:  9    God:    Dithmenos [**....]
Gold:   59         SH:  0    Dex: 16    Spells: 3/3 levels left

rFire   . . .      SeeInvis .   a - +0 war axe
rCold   . . .      Faith    .   (no shield)
rNeg    . . .      Spirit   .   b - +0 leather armour
rPois   .          Reflect  .   (helmet restricted)
rElec   .          Harm     .   (no cloak)
rCorr   .          Rampage  .   (no gloves)
Will    .....                   (no boots)
Stlth   +++.......              (no amulet)
HPRegen 0.11/turn               (no ring)
MPRegen 0.09/turn               (no ring)

@: wreathed by umbra
A: antennae 2, thin skeletal structure 1
a: Renounce Religion, Shadow Step


You were on level 3 of the Dungeon.
You worshipped Dithmenos.
Dithmenos was pleased with you.
You visited 1 branch of the dungeon, and saw 3 of its levels.

You collected 59 gold pieces.

Inventory:

Hand Weapons
 a - a +0 war axe (weapon)
Missiles
 d - 3 throwing nets (quivered)
 e - a javelin
Armour
 b - a +0 leather armour (worn)
 c - a +0 helmet
 l - a +0 hat
Scrolls
 g - 2 scrolls of enchant weapon {unknown}
 i - 2 scrolls of identify {unknown}
 j - a scroll of teleportation {unknown}
 k - a scroll of noise {unknown}
Potions
 f - a potion of heal wounds {unknown}
 h - 2 potions of attraction {unknown}
 m - a potion of curing {unknown}


   Skills:
 - Level 2.0 Fighting
 + Level 4.5 Axes
 - Level 1.7 Throwing
 - Level 2.6 Dodging


You had 3 spell levels left.
You didn't know any spells.
Your spell library was empty.

Dungeon Overview and Level Annotations

Branches:
Dungeon (3/15)

Altars:
Dithmenos


Innate Abilities, Weirdness & Mutations

You have a pair of antennae on your head.
You have a somewhat thin skeletal structure. (Dex +2, Stealth+)


Message History

The orc priest hits you with a +1 falchion of protection.
Unknown command.
You hit the orc priest but do no damage.
You hit the orc wizard but do no damage.
You slash the orc!
The orc priest looks encouraged for a moment.
The orc hits you with a +0 trident.
The orc wizard points at you and mumbles some strange words.
The magic dart hits you!
* * * LOW HITPOINT WARNING * * *
You barely miss the orc priest. You barely miss the orc wizard.
You hit the orc but do no damage. The orc misses you.
The orc priest closely misses you.
The orc wizard hits you with a +0 dagger.
* * * LOW HITPOINT WARNING * * *
The orc closely misses you. The orc wizard barely misses you.
The orc priest barely misses you.
Unknown command.
You barely miss the orc priest. You barely miss the orc.
You barely miss the orc wizard.
The orc priest hits you with a +1 falchion of protection!
* * * LOW HITPOINT WARNING * * *
The orc wizard closely misses you. The orc barely misses you.
You hit the orc priest.
The orc priest is lightly wounded.
You barely miss the orc.
You hit the orc wizard but do no damage.
The orc priest hits you with a +1 falchion of protection.
* * * LOW HITPOINT WARNING * * *
The orc barely misses you. The orc wizard misses you.
You hit the orc priest.
The orc priest is heavily wounded.
You hit the orc wizard but do no damage.
You hit the orc but do no damage.
The orc priest mumbles some strange prayers to Beogh against you.
Pain shoots through your body!
* * * LOW HITPOINT WARNING * * *
The orc wizard points at you and mumbles some strange words.
The puff of flame hits you.
You die...

#......... #.........
#......... ## #.........
. #....... ## .###.
##...... .#
#....##....######.#####.
#..K.........!wo#o......
..####....#..##.@oo.#
.....<........#####.#
#...#............ #..
#..#####...... #. ....#
####.w.. # ..#### ####
... .. ...


You could see a worm, an orc priest, an orc wizard and 2 orcs.

Vanquished Creatures
  Robin (D:2)
  2 adders (D:2)
  2 dart slugs (D:2)
  3 bats
  3 endoplasms
  A giant cockroach (D:1)
  7 hobgoblins
  2 kobolds (D:1)
  2 ball pythons (D:1)
  12 goblins
  5 rats
40 creatures vanquished.

Notes
Turn   | Place    | Note
-------+----------+-------------------------------------------
     0 | D:1      | theswoord the Demonspawn Gladiator began the quest for the
                  | Orb.
     0 | D:1      | Reached XP level 1. HP: 16/16 MP: 1/1
   199 | D:1      | Reached skill level 3 in Axes
   549 | D:1      | Gained mutation: You have a somewhat thin skeletal
                  | structure. (Dex +2, Stealth+) [demonic ancestry]
   549 | D:1      | Reached XP level 2. HP: 12/22 MP: 2/2
   574 | D:1      | Found a faded altar of an unknown god.
   682 | D:1      | Prayed at the altar of an unknown god.
   682 | D:1      | Became a worshipper of Dithmenos the Shadowed
   682 | D:1      | Reached * piety under Dithmenos
   914 | D:2      | Gained mutation: You have a pair of small antennae on your
                  | head. [demonic ancestry]
   914 | D:2      | Reached XP level 3. HP: 11/27 MP: 3/3
  1142 | D:2      | Reached skill level 4 in Axes
  1447 | D:2      | Noticed Robin
  1468 | D:2      | Killed Robin
  1469 | D:2      | Gained mutation: You have a pair of antennae on your head.
                  | [demonic ancestry]
  1469 | D:2      | Reached XP level 4. HP: 15/33 MP: 4/4
  1469 | D:2      | Reached ** piety under Dithmenos
  2445 | D:3      | HP: 1/33 [orc priest/nerve-wracking pain (1)]
  2445 | D:3      | Killed from afar by an orc wizard

Skill      XL: |  1  2  3 |
---------------+----------+-----
Axes           | 3 4 |  4.5
Fighting       | |  2.0
Throwing       | |  1.7
Dodging        | |  2.6

Action                   |  1- 3 |  4- 6 || total
-------------------------+-------+-------++-------
Melee: War axe           |   110 |    16 ||   126
       Punch             |     1 |       ||     1
Armor: Leather armour    |    43 |     7 ||    50
Dodge: Dodged            |    80 |    34 ||   114

Levels and vault maps discovered:
D:1:      dpeg_arrival_rhombi, layout_rooms, basic_ecumenical_altar,
          chequers_serial_rivers_micro_d, minmay_hedge_maze,
          serial_bayou_pond_d, minmay_surrounded
D:2:      layout_basic, basic_altar, uniq_robin
D:3:      layout_rooms, nicolae_gozag_cash_rules_everything_around_me,
          gup_sewer_entry_bubbles, uniq_crazy_yiuf_cottage
